[Event "Early-Titled-Tuesday-Blitz-October-17-2023"]
[Site "Chess.com"]
[Date "2023.10.17"]
[Round "6"]
[White "RobertoJBM"]
[Black "GlavkonVVS"]
[Result "1-0"]
[WhiteElo "2794"]
[BlackElo "2575"]
[TimeControl "180+1"]
[EndTime "9:10:24 PDT"]
[Termination "RobertoJBM won by resignation"]

1. e4 Nf6 2. e5 Nd5 3. c4 Nb6 4. d4 d6 5. exd6 cxd6 6. Nc3 g6 7. Be3 Bg7 8. Qd2 O-O 9. Rc1 Nc6 10. d5 Ne5 11. b3 Ng4 12. Bd4 e5 13. dxe6 fxe6 14.
Bxg7 Kxg7 15. f3 Ne5 16. f4 Ng4 17. Nf3 e5 18. h3 Nh6 19. fxe5 Nf5 20. Ne4 d5 21.
cxd5 Nxd5 22. Bc4 Nfe3 23. Bxd5 Nxd5 24. O-O Be6 25. Nfg5 Rxf1+ 26. Rxf1 Bg8 27. e6 Qb6+ 28. Kh1 Rd8 29. Qb2+ Kh6 30. Nf7+ Bxf7 31. exf7 Rf8 32. Qd2+ Ne3 33. Rf3 1-0

[Event "Early-Titled-Tuesday-Blitz-October-17-2023"]
[Site "Chess.com"]
[Date "2023.10.17"]
[Round "6"]
[White "kingofthenil"]
[Black "gmcorrales"]
[Result "1-0"]
[WhiteElo "2729"]
[BlackElo "2860"]
[TimeControl "180+1"]
[EndTime "9:10:26 PDT"]
[Termination "kingofthenil won by resignation"]

1. e4 c5 2. d3 Nc6 3. g3 g6 4. Bg2 Bg7 5. f4 d6 6. Nf3 h5 7. O-O h4 8. Nxh4 Rxh4 9. gxh4 e6 10.
h5 Qh4 11. hxg6 fxg6 12. Nd2 Nf6 13. Nf3 Qh8 14. c3 Bd7 15. e5 Ng4 16. h3 Nh6 17.
exd6 Nf5 18. Ng5 O-O-O 19. Nf7 Qh7 20. Nxd8 Kxd8 21. Qg4 Nxd6 22. Qg5+ Kc8 23. Qxc5 Nf5 24. Qf2 Bf6 25. Bf3 Qxh3 26. Qh2 Qxh2+ 27. Kxh2 e5 28. Bxc6 Bxc6 29. fxe5 Bxe5+ 30. Bf4 Bf6 31. Rae1 Kd7 32. Rg1 Bh4 33. Ref1 Ne7 34. Bg5 Bxg5 35. Rxg5 Ke6 36. Re1+ Kf6 37. Rge5 Nf5 38. Re6+ Kf7 39. R6e2 Kf6 40. d4 Bd5 41. b3 b6 42. c4 Bf3 43.
Rf2 Bc6 44. d5 Bd7 45. d6 Be6 46. b4 Kg5 47. c5 Bd7 48. Rxf5+ gxf5 49. Re7 Kf6 50.
Rxd7 1-0

[Event "Early-Titled-Tuesday-Blitz-October-17-2023"]
[Site "Chess.com"]
[Date "2023.10.17"]
[Round "6"]
[White "Fh2411"]
[Black "Maect19"]
[Result "1-0"]
[WhiteElo "2542"]
[BlackElo "2230"]
[TimeControl "180+1"]
[EndTime "9:10:26 PDT"]
[Termination "Fh2411 won by checkmate"]

1. d4 d5 2. c4 c6 3. Nc3 Nf6 4.
cxd5 cxd5 5. Bf4 Qb6 6. Qc2 g6 7. Nxd5 Qa5+ 8. Bd2 Qxd5 9. Qxc8+ Qd8 10. Qxd8+ Kxd8 11. Nf3 Nc6 12. e3 Bg7 13. Bb5 Rc8 14. Rc1 Ne4 15.
a3 Nb8 16. Ke2 Nd6 17. Rxc8+ Kxc8 18. Rc1+ Kd8 19. Bd3 Nc6 20. b4 Kd7 21. b5 Nb8 22.
Ne5+ Bxe5 23. dxe5 Nf5 24. g4 Ng7 25. Be4 b6 26.
Bb4 e6 27. Bb7 f6 28. exf6 Ne8 29. Bc8+ Kd8 30. Be7# 1-0

[Event "Early-Titled-Tuesday-Blitz-October-17-2023"]
[Site "Chess.com"]
[Date "2023.10.17"]
[Round "6"]
[White "WindWhistler11"]
[Black "Irina_Mikhaylova"]
[Result "1-0"]
[WhiteElo "2467"]
[BlackElo "2304"]
[TimeControl "180+1"]
[EndTime "9:10:26 PDT"]
[Termination "WindWhistler11 won by checkmate"]

1. Nf3 Nf6 2. g3 g6 3. Bg2 Bg7 4. d4 O-O 5. b3 d5 6. Bb2 Bf5 7. O-O Ne4 8. Nh4 Bc8 9. c4 c6 10. Nd2 Nxd2 11. Qxd2 e6 12. Nf3 Nd7 13. Rfe1 Nf6 14.
Ne5 Nd7 15. Nd3 Re8 16. Rad1 Nf6 17. Qc2 b6 18. f3 Bb7 19. e4 Rc8 20. e5 Nd7 21. c5 bxc5 22. dxc5 Ba6 23. Nf4 Qc7 24. Qc3 Rb8 25. h4 Bc8 26. Bf1 Bb7 27. h5 Qc8 28. Bd3 Ba6 29. Bb1 Bb7 30. Rd2 Qc7 31. Rh2 Bxe5 32.
Rxe5 Qxe5 33. Qxe5 Nxe5 34. Bxe5 Rbc8 35. Nd3 Ba6 36.
Nf2 Be2 37. Kg2 Rf8 38. Ng4 f5 39. Nf6+ Kg7 40. hxg6 hxg6 41. Rh7# 1-0

[Event "Early-Titled-Tuesday-Blitz-October-17-2023"]
[Site "Chess.com"]
[Date "2023.10.17"]
[Round "6"]
[White "sterpfi"]
[Black "rachidhuilda"]
[Result "0-1"]
[WhiteElo "2145"]
[BlackElo "2322"]
[TimeControl "180+1"]
[EndTime "9:10:26 PDT"]
[Termination "rachidhuilda won by checkmate"]

1. e4 d5 2. exd5 Qxd5 3. Nc3 Qa5 4. d4 c6 5. Nf3 Nf6 6. Bc4 Bf5 7. Ne5 e6 8. g4 Bg6 9. h4 Nbd7 10. Nxd7 Nxd7 11. h5 Be4 12. O-O Bd5 13. Nxd5 cxd5 14. Bd3 Bd6 15. Bd2 Qc7 16. Qf3 h6 17. Rac1 Nb6 18.
Ba5 Qc6 19. c4 dxc4 20. Qxc6+ bxc6 21. Bxc4 Kd7 22. Ba6 Rab8 23. b3 Nd5 24. Rc2 Bb4 25.
Bxb4 Nxb4 26. Bd3 Nxd3 27. f4 g6 28. f5 gxf5 29. gxf5 Rhg8+ 30. Kh2 Rg5 31. fxe6+ fxe6 32. Rf7+ Kd6 33. Rxa7 Rbg8 34. Rd7+ Kxd7 35. Rg2 Rxg2+ 36. Kh1 Nf2# 0-1

[Event "Early-Titled-Tuesday-Blitz-October-17-2023"]
[Site "Chess.com"]
[Date "2023.10.17"]
[Round "6"]
[White "pinguino120"]
[Black "wanyaland"]
[Result "0-1"]
[WhiteElo "2204"]
[BlackElo "2415"]
[TimeControl "180+1"]
[EndTime "9:10:27 PDT"]
[Termination "wanyaland won by resignation"]

1. e4 c5 2. Nf3 e6 3. c3 Nf6 4. e5 Nd5 5. d4 cxd4 6. cxd4 d6 7. Nc3 Nxc3 8. bxc3 Nd7 9. exd6 Bxd6 10. Bd3 Qc7 11. Bd2 b6 12. O-O Bb7 13. h3 O-O 14. Qe2 Rac8 15. Rad1 Rfe8 16. Rfe1 e5 17. Ng5 Nf6 18.
Bb5 Re7 19. Qd3 h6 20. dxe5 Bxe5 21. Nf3 Rd8 22. Qc2 Bxf3 23. gxf3 Qb7 24. Kg2 Nh5 25. Bd3 Bf4 26. Be3 g6 27. Be4 Qc8 28. Rxd8+ Qxd8 29. Rd1 Qc8 30. Qb3 Kh7 31. Qd5 Bxe3 32. Qxh5 Rxe4 33. fxe4 gxh5 34. fxe3 0-1

[Event "Early-Titled-Tuesday-Blitz-October-17-2023"]
[Site "Chess.com"]
[Date "2023.10.17"]
[Round "6"]
[White "suyu28"]
[Black "jcibarra"]
[Result "1-0"]
[WhiteElo "2745"]
[BlackElo "2886"]
[TimeControl "180+1"]
[EndTime "9:10:28 PDT"]
[Termination "suyu28 won by checkmate"]

1. e4 Nc6 2. Nf3 d6 3. d4 Nf6 4. Nc3 g6 5. h3 Bg7 6. Be2 O-O 7. O-O e5 8. dxe5 Nxe5 9. Nxe5 dxe5 10. Bc4 Qe7 11. Be3 c6 12. a4 a5 13. Qe2 Nh5 14. Rfd1 Nf4 15. Qf3 Ne6 16. Ne2 Ng5 17. Bxg5 Qxg5 18.
Rd6 Qe7 19. Rad1 Kh8 20. Ng3 h6 21. Kh1 Kh7 22. Qb3 h5 23. Qf3 Bh6 24. c3 Kg7 25. R1d3 Qh4 26. Kg1 Qe7 27. Nf5+ gxf5 28. Qxh5 Bg5 29.
Rg3 f6 30. Rxg5+ fxg5 31. Qh6# 1-0

[Event "Early-Titled-Tuesday-Blitz-October-17-2023"]
[Site "Chess.com"]
[Date "2023.10.17"]
[Round "6"]
[White "Russian_berezka"]
[Black "tptagain"]
[Result "1-0"]
[WhiteElo "2683"]
[BlackElo "2918"]
[TimeControl "180+1"]
[EndTime "9:10:28 PDT"]
[Termination "Russian_berezka won by resignation"]

1. d4 d6 2. Nf3 f5 3. c4 Nf6 4. Nc3 g6 5. e3 Bg7 6. b4 a5 7. b5 e6 8. a4 b6 9. Be2 O-O 10.
Bb2 Qe7 11. O-O Nbd7 12. Nd2 e5 13. Rc1 Bb7 14. Bf3 e4 15. Be2 Rad8 16. Qb3 Kh8 17. Rce1 h5 18. f4 Ng4 19. Nd1 Qh4 20. h3 Qg3 21. hxg4 hxg4 22. Rf2 Qh4 23. g3 Qxg3+ 24.
Kh1 Nc5 25. dxc5 dxc5 26. Rg1 Qxf2 27. Nxf2 Rf7 28. Bxg7+ Rxg7 1-0

[Event "Early-Titled-Tuesday-Blitz-October-17-2023"]
[Site "Chess.com"]
[Date "2023.10.17"]
[Round "6"]
[White "SaqoChess_Twitch"]
[Black "secretsuperstar7"]
[Result "0-1"]
[WhiteElo "2607"]
[BlackElo "2466"]
[TimeControl "180+1"]
[EndTime "9:10:28 PDT"]
[Termination "secretsuperstar7 won by checkmate"]

1. d4 d5 2. c4 e6 3. Nc3 Nf6 4. Nf3 a6 5. Bg5 Be7 6. e3 Nbd7 7. cxd5 exd5 8. Bd3 O-O 9. O-O c6 10. Qc2 h6 11. Bf4 Re8 12. Rab1 Nh5 13. Nxd5 Nxf4 14. Nxf4 Bd6 15. g3 Nf6 16. Bc4 Bxf4 17. gxf4 Bh3 18. Ne5 Nd5 19. Kh1 Bxf1 20. Rxf1 Qe7 21. Rg1 f6 22. Ng4 Kh8 23. Qg6 Qe4+ 24. Qxe4 Rxe4 25. Bd3 Re7 26. h3 Rd8 27. Nh2 c5 28. Nf3 cxd4 29.
Nxd4 Nxf4 30. Bb1 Nxh3 31. Rg2 Ng5 32. Bg6 Rc8 33. f4 Ne6 34. Nf3 Nc5 35. Bf5 Rd8 36. b4 Rxe3 37. Nh4 Na4 38. Bc2 g5 39. Nf5 Re1+ 40.
Kh2 Nc3 41. Nxh6 Kg7 42. fxg5 fxg5 43. Nf5+ Kf7 44. Bb3+ Kf6 45. Ng3 Rh8+ 46. Nh5+ Rxh5+ 47. Kg3 Ne4+ 48. Kf3 Rh3+ 49. Kg4 Rh4+ 50. Kf3 Rf4# 0-1

[Event "Early-Titled-Tuesday-Blitz-October-17-2023"]
[Site "Chess.com"]
[Date "2023.10.17"]
[Round "6"]
[White "dodoucb"]
[Black "ChessSkool"]
[Result "0-1"]
[WhiteElo "2544"]
[BlackElo "2679"]
[TimeControl "180+1"]
[EndTime "9:10:29 PDT"]
[Termination "ChessSkool won by resignation"]

1. d4 Nf6 2. Nf3 g6 3. c4 Bg7 4. Nc3 d5 5. cxd5 Nxd5 6. e4 Nxc3 7. bxc3 c5 8. Rb1 O-O 9. Be2 b6 10. O-O Bb7 11. Qc2 e6 12. Rd1 Qc7 13. Be3 cxd4 14. Bxd4 Nc6 15. Bxg7 Kxg7 16. Qd2 Rfd8 17. Qg5 h6 18.
Qh4 Rxd1+ 19. Rxd1 Rd8 20. Rxd8 Nxd8 21. e5 g5 22. Qg3 Qxc3 23. h4 Bxf3 24. Bxf3 Qc1+ 25.
Kh2 b5 26. Kh3 b4 27. Qg4 a5 28. Qd4 Qf4 29. Qxf4 gxf4 30. Kg4 a4 31. Bd1 b3 32. a3 Nc6 33. Kxf4 Nd4 34. Ke4 b2 0-1

[Event "Early-Titled-Tuesday-Blitz-October-17-2023"]
[Site "Chess.com"]
[Date "2023.10.17"]
[Round "6"]
[White "GMJustin"]
[Black "Jojo_898"]
[Result "1-0"]
[WhiteElo "2182"]
[BlackElo "2345"]
[TimeControl "180+1"]
[EndTime "9:10:29 PDT"]
[Termination "GMJustin won by checkmate"]

1. d4 Nf6 2. c4 e6 3. Nf3 b6 4. g3 Bb7 5. Bg2 Be7 6. O-O O-O 7.
d5 exd5 8. Nh4 c6 9. cxd5 Nxd5 10. Nf5 d6 11. Bxd5 cxd5 12. Nc3 Qd7 13. Nxd5 Bd8 14.
e4 Kh8 15. Qd4 f6 16. Nc3 Bc7 17. Bf4 Nc6 18. Qa4 a6 19. Nd5 b5 20. Qa3 Ne5 21. Nxc7 Qxc7 22. Nxd6 Bc6 23. Rac1 Rad8 24. Bxe5 fxe5 25.
Nf5 Qb7 26. f3 g6 27. Ne3 Rd2 28. Qxf8# 1-0

[Event "Early-Titled-Tuesday-Blitz-October-17-2023"]
[Site "Chess.com"]
[Date "2023.10.17"]
[Round "6"]
[White "GAusal"]
[Black "NM_Antelacus"]
[Result "1-0"]
[WhiteElo "2272"]
[BlackElo "2086"]
[TimeControl "180+1"]
[EndTime "9:10:29 PDT"]
[Termination "GAusal won on time"]

1. d4 Nf6 2. g3 e6 3. Bg2 Be7 4. h4 d5 5. Nf3 c5 6. c4 cxd4 7.
O-O Nc6 8. cxd5 Nxd5 9. Nxd4 Nxd4 10. Qxd4 Bf6 11. Qc4 O-O 12. e4 Nb6 13. Qb3 Qc7 14.
Bf4 Qc4 15. e5 Qxb3 16. axb3 Be7 17. Nc3 Rd8 18. Rfd1 Rxd1+ 19. Rxd1 Kf8 20. Be3 Nd7 21. Nb5 a6 22. Nc7 Rb8 23. Ba7 b5 24. Rxd7 Bxd7 25. Bxb8 a5 26. Kf1 Bc5 27. Na6 Bd4 28. Bc7 a4 29. Bd6+ Ke8 30. Ba3 axb3 31. Ke2 Bxe5 32. Nb4 Kd8 33. f4 Bf6 34. Nd3 Kc7 35. Ne5 Be8 36.
Be4 g6 37. Bb4 h6 38. Bf8 g5 39. h5 gxf4 40. gxf4 1-0

[Event "Early-Titled-Tuesday-Blitz-October-17-2023"]
[Site "Chess.com"]
[Date "2023.10.17"]
[Round "6"]
[White "kirillshevchenko"]
[Black "lamomiajunior"]
[Result "1-0"]
[WhiteElo "2932"]
[BlackElo "2738"]
[TimeControl "180+1"]
[EndTime "9:10:31 PDT"]
[Termination "kirillshevchenko won by resignation"]

1. Nf3 d5 2. c4 e6 3. g3 Nf6 4.
Bg2 dxc4 5. Qa4+ Nbd7 6. Qxc4 a6 7. Qc2 c5 8. Nc3 Rb8 9. d4 cxd4 10. Nxd4 Bd6 11.
O-O O-O 12. Rd1 Qc7 13. h3 b5 14. Nc6 Rb6 15. Ne4 Nxe4 16. Ne7+ Kh8 17. Qxc7 Bxc7 18. Nxc8 Rxc8 19. Rxd7 Rd6 20. Rxd6 Nxd6 21. b3 Nf5 22.
Bb7 Rd8 23. Bb2 Rd2 24. Rc1 Bd8 25. Rc8 a5 26. Be5 Ne7 27. Ra8 Ng8 28. Bc3 Rc2 29. Bxa5 Rxa2 30. Bxd8 1-0

[Event "Early-Titled-Tuesday-Blitz-October-17-2023"]
[Site "Chess.com"]
[Date "2023.10.17"]
[Round "6"]
[White "Byniolus"]
[Black "IamSchrodingersCat"]
[Result "1-0"]
[WhiteElo "2798"]
[BlackElo "2543"]
[TimeControl "180+1"]
[EndTime "9:10:31 PDT"]
[Termination "Byniolus won by resignation"]

1. d4 Nf6 2. Nf3 g6 3. Bf4 Bg7 4. e3 O-O 5. Be2 d6 6. h3 Nc6 7.
O-O Nd7 8. c4 e5 9. Bh2 f5 10. Nc3 g5 11. dxe5 Ndxe5 12. Nd4 Nxd4 13. exd4 Ng6 14. Re1 Bd7 15. c5 dxc5 16. dxc5 Bc6 17.
Qb3+ Kh8 18. Rad1 Qf6 19. Bxc7 Nh4 20. Bf1 Rfe8 21. Bg3 Rxe1 22. Rxe1 Rd8 23. Be5 Qe7 24. Bxg7+ Qxg7 25. Nb5 h6 26. Nxa7 Be4 27. Nb5 Qe5 28.
Qc3 Qxc3 29. Nxc3 Bc6 30. Rd1 Re8 31. b4 Re5 32. b5 Be8 33. c6 bxc6 34. b6 1-0

[Event "Early-Titled-Tuesday-Blitz-October-17-2023"]
[Site "Chess.com"]
[Date "2023.10.17"]
[Round "6"]
[White "AlivodicDario"]
[Black "Ermito2020"]
[Result "0-1"]
[WhiteElo "2444"]
[BlackElo "2605"]
[TimeControl "180+1"]
[EndTime "9:10:31 PDT"]
[Termination "Ermito2020 won on time"]

1. d4 Nf6 2. c4 g6 3. Nc3 Bg7 4. e3 d5 5. Nf3 O-O 6. cxd5 Nxd5 7. Bc4 Nxc3 8. bxc3 c5 9. O-O Qc7 10. Qe2 Nc6 11. Ba3 cxd4 12. cxd4 Bg4 13. Rfc1 Qa5 14. Bb2 e5 15. d5 e4 16. Bxg7 Kxg7 17. dxc6 exf3 18.
gxf3 Bh3 19. Qb2+ Kg8 20. Bf1 Qg5+ 21. Kh1 Qf5 22. Bxh3 Qxh3 23. cxb7 Qxf3+ 24. Kg1 Rab8 25. Rab1 Rfd8 26. a4 a5 27. Qb6 Rd2 28. Rc8+ Kg7 29. Rf1 Rxb7 30. Qxa5 Rd5 0-1

[Event "Early-Titled-Tuesday-Blitz-October-17-2023"]
[Site "Chess.com"]
[Date "2023.10.17"]
[Round "6"]
[White "alexrustemov"]
[Black "szefru"]
[Result "1-0"]
[WhiteElo "2801"]
[BlackElo "2344"]
[TimeControl "180+1"]
[EndTime "9:10:31 PDT"]
[Termination "alexrustemov won on time"]

1. d4 Nf6 2. c4 g6 3. Nf3 Bg7 4. g3 O-O 5. Bg2 c6 6. O-O d5 7.
Qb3 dxc4 8. Qxc4 Be6 9. Qa4 Nbd7 10. Rd1 Nb6 11. Qa5 Nbd5 12. Qxd8 Rfxd8 13. Na3 Nb4 14. b3 c5 15. Bb2 Ne4 16. Ne5 cxd4 17. Rxd4 Bxe5 18.
Rxd8+ Rxd8 19. Bxe5 Nc5 20. Bc3 a5 21. h3 b6 22. g4 Rd7 23. Kh2 Bd5 24. f3 f5 25.
Kg3 e6 26. Bxb4 axb4 27. Nc2 Bb7 28. Nxb4 Rd2 29. Bf1 Nd7 30. Rc1 Kf7 31. Rc7 Ba8 32.
Ra7 1-0

[Event "Early-Titled-Tuesday-Blitz-October-17-2023"]
[Site "Chess.com"]
[Date "2023.10.17"]
[Round "6"]
[White "rasmussvane"]
[Black "Zurability"]
[Result "1-0"]
[WhiteElo "2992"]
[BlackElo "2745"]
[TimeControl "180+1"]
[EndTime "9:10:33 PDT"]
[Termination "rasmussvane won on time"]

1. Nf3 d5 2. g3 Nf6 3. Bg2 e6 4.
O-O Be7 5. c4 O-O 6. b3 b6 7. d4 Bb7 8. Nc3 Nbd7 9. Bb2 c5 10.
Ne1 Rc8 11. cxd5 Nxd5 12. Nxd5 Bxd5 13. Bxd5 exd5 14. dxc5 Nxc5 15. Ng2 Ne6 16. Qd3 d4 17. Rfd1 Bf6 18. Ne1 Re8 19. Rac1 Rxc1 20. Rxc1 Nc5 21. Qf3 d3 22. Nxd3 Bxb2 23. Nxb2 Qd2 24. Qc3 Rxe2 25.
Rd1 Qg5 26. b4 h5 27. bxc5 Qf5 28. Rd8+ Kh7 29. Qd3 1-0

[Event "Early-Titled-Tuesday-Blitz-October-17-2023"]
[Site "Chess.com"]
[Date "2023.10.17"]
[Round "6"]
[White "whitemirrorninja"]
[Black "Zavgorodniy_Sergiy"]
[Result "1-0"]
[WhiteElo "2523"]
[BlackElo "2654"]
[TimeControl "180+1"]
[EndTime "9:10:33 PDT"]
[Termination "whitemirrorninja won by resignation"]

1. e4 e5 2. Nf3 d6 3. Nc3 Nf6 4. Bc4 Be7 5. d3 O-O 6. O-O Bg4 7. h3 Bh5 8. g4 Bg6 9. Ne2 c6 10. Bb3 d5 11. exd5 Nxd5 12. Nxe5 Bd6 13. Nxg6 fxg6 14. c4 Qh4 15. Kg2 Nf4+ 16. Bxf4 Bxf4 17.
c5+ Kh8 18. Nd4 Qf6 19. Ne6 Re8 20. Re1 Nd7 21. Qf3 g5 22. d4 Nf8 23. Nxf8 Rxf8 24. Re4 Rad8 25. Rd1 Rfe8 26. d5 cxd5 27.
Rxd5 Qxb2 28. Rxe8+ Rxe8 29. Qe4 Rf8 30. Bc2 g6 31.
Rd7 Qf6 32. Qxb7 Bc7 33. f3 Qc3 34. Qe4 Kg8 35. Qe6+ Kh8 36. Rxh7+ Kxh7 37. Qxg6+ 1-0

[Event "Early-Titled-Tuesday-Blitz-October-17-2023"]
[Site "Chess.com"]
[Date "2023.10.17"]
[Round "6"]
[White "Journey_to_GrandMaster_YT"]
[Black "Levanzovsky"]
[Result "1-0"]
[WhiteElo "2621"]
[BlackElo "2405"]
[TimeControl "180+1"]
[EndTime "9:10:34 PDT"]
[Termination "Journey_to_GrandMaster_YT won by resignation"]

1. c4 e6 2. Nc3 Nf6 3. e4 d5 4. cxd5 exd5 5. e5 d4 6. exf6 dxc3 7. fxg7 cxd2+ 8. Bxd2 Bxg7 9. Qb3 O-O 10. Nf3 Re8+ 11.
Be3 Qf6 12. Bc4 Qxb2 13. Bxf7+ Kh8 14. Qxb2 Bxb2 15. Bxe8 Bxa1 16. Ke2 Bf6 17. Rc1 c6 18. Rc4 Be6 19. Rf4 Kg7 20. g4 Na6 21. g5 Bc3 22.
Bh5 Bxa2 23. Kd3 Bb2 24. Kc2 Ba3 25. Ra4 Be7 26. Bd4+ Kg8 27. Rxa2 Nb4+ 28. Kb3 Nxa2 29. Kxa2 Rf8 30. Bg4 Rf4 31. h3 c5 32. Be5 Ra4+ 33.
Kb3 Rb4+ 34. Kc3 a5 35. Be6+ Kf8 36. h4 a4 37. h5 a3 38. g6 hxg6 39. hxg6 Rg4 40.
Bxg4 Ke8 41. g7 Kf7 42. Be6+ Kxe6 43. g8=Q+ 1-0

[Event "Early-Titled-Tuesday-Blitz-October-17-2023"]
[Site "Chess.com"]
[Date "2023.10.17"]
[Round "6"]
[White "McCarthyStone"]
[Black "aghasiyevkamal"]
[Result "1-0"]
[WhiteElo "2396"]
[BlackElo "2585"]
[TimeControl "180+1"]
[EndTime "9:10:37 PDT"]
[Termination "McCarthyStone won by checkmate"]

1. e4 d6 2. g3 e5 3. c4 Nf6 4. Bg2 Nc6 5. Nc3 Be7 6. Nge2 h5 7. h3 a5 8. d4 exd4 9. Nxd4 Ne5 10. b3 Nfd7 11. f4 Nc6 12. Be3 Nc5 13. O-O Nxd4 14. Bxd4 Ne6 15. Bf2 h4 16. Nd5 hxg3 17.
Bxg3 Bh4 18. Bh2 c6 19. f5 cxd5 20. fxe6 fxe6 21. exd5 e5 22. Qd3 Qg5 23. Rf3 Bd7 24. Raf1 O-O-O 25. c5 Rh6 26. c6 Be8 27. Qb5 Qe7 28.
Qxa5 Qc7 29. Qa8+ Qb8 30. cxb7+ Kd7 31. Qa4+ Ke7 32. Qg4 g5 33. Qf5 Rg6 34. Qf8+ Kd7 35. Rf7+ Bxf7 36. Rxf7# 1-0

[Event "Early-Titled-Tuesday-Blitz-October-17-2023"]
[Site "Chess.com"]
[Date "2023.10.17"]
[Round "6"]
[White "stasOR4ik"]
[Black "Heinza9"]
[Result "0-1"]
[WhiteElo "2440"]
[BlackElo "2310"]
[TimeControl "180+1"]
[EndTime "9:10:37 PDT"]
[Termination "Heinza9 won by resignation"]

1. e4 e5 2. Nf3 Nc6 3. Bb5 f5 4. Bxc6 dxc6 5. Nxe5 Nf6 6. exf5 Bd6 7. d4 Bxf5 8. O-O O-O 9. Nd2 Bxe5 10. dxe5 Ng4 11.
Nf3 Qxd1 12. Rxd1 Bxc2 13. Rd7 Be4 14. Ng5 Rad8 15. e6 Rxd7 16. exd7 Bf5 17. Bf4 Bxd7 18. Bxc7 h6 19. Ne4 Be6 20. a3 Bd5 21. f3 Bxe4 22. fxe4 Re8 23. Re1 Nf6 24. e5 Nd5 25. Bd6 Kf7 26.
Kf2 Ke6 27. Re2 Nb6 28. b3 Nc8 29. Bb8 b6 30. Kf3 Re7 31. Kg4 Rb7 32. Bd6 Nxd6 33.
exd6+ Kxd6 34. Kf5 Re7 35. Rd2+ Kc5 36. Kg6 a5 37. g4 Kb5 38. h4 c5 39. Rf2 Re4 40.
Rg2 Re7 41. g5 hxg5 42. hxg5 a4 43. bxa4+ Kxa4 44. Rf2 c4 45. Rf7 Rxf7 46. Kxf7 c3 47. Kxg7 c2 48. g6 c1=Q 49. Kh8 Qh6+ 50. Kg8 Qxg6+ 51.
Kh8 Qg5 0-1

[Event "Early-Titled-Tuesday-Blitz-October-17-2023"]
[Site "Chess.com"]
[Date "2023.10.17"]
[Round "6"]
[White "YouJustFoundYourGodfather"]
[Black "Grossboss19"]
[Result "1-0"]
[WhiteElo "2621"]
[BlackElo "2484"]
[TimeControl "180+1"]
[EndTime "9:10:39 PDT"]
[Termination "YouJustFoundYourGodfather won on time"]

1. e4 c6 2. c4 c5 3. Nf3 Nc6 4. Nc3 e5 5. a3 g6 6. Rb1 a5 7. Nd5 Bg7 8. b4 axb4 9. axb4 cxb4 10. d3 Nge7 11. Be2 O-O 12. O-O d6 13. Be3 Nxd5 14. cxd5 Ne7 15. Rxb4 f5 16. Qb3 f4 17. Bb6 Qe8 18.
d4 exd4 19. Bxd4 g5 20. Bxg7 Kxg7 21. Nxg5 Qg6 22. Ne6+ Bxe6 23. dxe6 Rab8 24. Bf3 Rfc8 25. Rxb7 Rxb7 26. Qxb7 Qxe6 27. h3 Qf6 28. Rd1 Rd8 29.
Qc7 Qf8 30. Rxd6 Rxd6 31. Qxd6 Ng6 32. Qxf8+ Kxf8 33. g3 Ne5 34. Kg2 fxg3 35. Kxg3 Kg7 36. Be2 Kf6 37. f4 Nc6 38. Bg4 h6 39. h4 Ke7 40. e5 Nd4 41. f5 Nc6 42. Kf4 Nb4 43.
f6+ Kf8 44. e6 Nc6 45. e7+ 1-0

[Event "Early-Titled-Tuesday-Blitz-October-17-2023"]
[Site "Chess.com"]
[Date "2023.10.17"]
[Round "6"]
[White "Keeper0416"]
[Black "KatakuriDono"]
[Result "1-0"]
[WhiteElo "2603"]
[BlackElo "2393"]
[TimeControl "180+1"]
[EndTime "9:10:40 PDT"]
[Termination "Keeper0416 won by resignation"]

1. d4 d5 2. e3 Nf6 3. Ne2 g6 4.
Nf4 Bg7 5. h4 Nbd7 6. h5 e5 7.
h6 Bf8 8. dxe5 Nxe5 9. Be2 c6 10. b3 Bd6 11. Bb2 Qe7 12. Nd2 a5 13. a3 a4 14.
b4 b5 15. Bd4 Nc4 16. Nxc4 bxc4 17. Qc1 Rg8 18. Qb2 Ne4 19. c3 Bf5 20. g4 Bd7 21. Kf1 Rb8 22. Bf3 c5 23. Nxd5 Qe6 24. Bxe4 cxd4 25.
exd4 Kd8 26. Re1 Bc6 27. Qd2 g5 28. Bf3 Qd7 29. Nf6 Qb7 30. Bxc6 Qxc6 31. d5 Qc8 32. Nxg8 Qxg4 33. Qe2 Kc7 34. Qxg4 1-0

[Event "Early-Titled-Tuesday-Blitz-October-17-2023"]
[Site "Chess.com"]
[Date "2023.10.17"]
[Round "6"]
[White "lluiss"]
[Black "diamonds13"]
[Result "0-1"]
[WhiteElo "2146"]
[BlackElo "2290"]
[TimeControl "180+1"]
[EndTime "9:10:42 PDT"]
[Termination "diamonds13 won on time"]

1. Nf3 d5 2. d4 Nf6 3. c4 e6 4.
cxd5 exd5 5. Nc3 Bb4 6. a3 Bxc3+ 7. bxc3 h6 8. e3 O-O 9. c4 c5 10. Bb2 Ne4 11. Bd3 Qa5+ 12. Kf1 f5 13. g3 b5 14. cxd5 c4 15. Bxe4 fxe4 16. Ne5 Bh3+ 17. Ke2 Nd7 18. Qd2 Qc7 19. Rhg1 h5 20. g4 Nb6 21. Rg3 Bxg4+ 22. Nxg4 hxg4 23. Rag1 Rae8 24. Rxg4 Rf7 25. Qe1 Nxd5 26.
Bc3 Ref8 27. R1g2 a5 28. Rg5 Nxc3+ 29. Qxc3 b4 30. axb4 axb4 31. Qxb4 Rb8 32. Qa4 Rb2+ 33.
Kd1 Rb1+ 34. Kc2 Qb8 35. Rxg7+ Rxg7 36. Rxg7+ Kxg7 37. Qd7+ Kf8 38. Qf5+ Ke8 39. Qe6+ Kd8 40. Qd5+ Ke7 41. Qc5+ Kf6 42. Qe5+ Kf7 43. Qf5+ Ke7 44.
Qe5+ Qxe5 45. dxe5 Rb3 0-1

[Event "Early-Titled-Tuesday-Blitz-October-17-2023"]
[Site "Chess.com"]
[Date "2023.10.17"]
[Round "6"]
[White "MDBIchess"]
[Black "masterofpuppets2"]
[Result "0-1"]
[WhiteElo "2341"]
[BlackElo "2515"]
[TimeControl "180+1"]
[EndTime "9:10:43 PDT"]
[Termination "masterofpuppets2 won by resignation"]

1. c4 Nf6 2. Nf3 g6 3. g3 Bg7 4. Bg2 O-O 5. O-O d6 6. Nc3 Nc6 7. d4 Bf5 8. a3 e5 9. d5 Ne7 10. Bg5 h6 11. Bxf6 Bxf6 12. e4 Bd7 13. h3 Bg7 14. Kh2 f5 15. Nd2 c6 16. f4 exf4 17.
Rxf4 g5 18. Rf1 f4 19. g4 f3 20. Nxf3 Ng6 21. Nd4 Be5+ 22. Kh1 Qb6 23. Nce2 Rxf1+ 24. Bxf1 Rf8 25. Bg2 Rf2 26. Nf5 Qxb2 27. Bf1 Qxa1 28. Qxa1 Bxa1 29. Kg1 Rf3 30. Nxd6 Ne5 31. Nxb7 Nxc4 32.
Nc5 Be8 33. Kg2 Rxa3 34. Kf2 cxd5 35. exd5 Nd6 36. Ng3 Bd4+ 37. Kg2 Bxc5 0-1

[Event "Early-Titled-Tuesday-Blitz-October-17-2023"]
[Site "Chess.com"]
[Date "2023.10.17"]
[Round "6"]
[White "Lennis93"]
[Black "seopie"]
[Result "1/2-1/2"]
[WhiteElo "2714"]
[BlackElo "2849"]
[TimeControl "180+1"]
[EndTime "9:10:47 PDT"]
[Termination "Game drawn by repetition"]

1. c4 Nf6 2. g3 g6 3. b4 Bg7 4.
Bb2 O-O 5. Bg2 d6 6. Nf3 e5 7. O-O Qe7 8. d3 Nbd7 9. e4 a5 10. a3 Re8 11. Nc3 Nf8 12. Nd5 Qd8 13. bxa5 Rxa5 14.
Bc3 Ra8 15. Qb3 Ne6 16. a4 c6 17. Nb6 Nc5 18. Qb1 Ra6 19. a5 Bg4 20. h3 Bxf3 21.
Bxf3 Qc7 22. Be2 Nfd7 23. Nxd7 Qxd7 24. Kg2 Rea8 25. Ra2 Qe7 26. Rb2 R6a7 27. Bd2 Bf6 28. Qc2 Ne6 29. Rfb1 Nd4 30. Qd1 Qd7 31. Bg4 Qc7 32. Bc3 Bd8 33. h4 Qe7 34. h5 Bxa5 35. Bxa5 Rxa5 36. Rxb7 Qg5 37. hxg6 hxg6 38. Qh1 Rf8 39.
Rxf7 Rxf7 40. Rb8+ Rf8 41. Rxf8+ Kxf8 42. Qh8+ Kf7 43.
Qh7+ Ke8 44. Qg8+ Ke7 45. Qg7+ Ke8 46. Qg8+ Ke7 47. Qg7+ Ke8 48. Qg8+ 1/2-1/2

[Event "Early-Titled-Tuesday-Blitz-October-17-2023"]
[Site "Chess.com"]
[Date "2023.10.17"]
[Round "6"]
[White "DanielTitichoca"]
[Black "Ranindu2003"]
[Result "0-1"]
[WhiteElo "2571"]
[BlackElo "2782"]
[TimeControl "180+1"]
[EndTime "9:10:48 PDT"]
[Termination "Ranindu2003 won by resignation"]

1. e4 c5 2. Nc3 a6 3. Nf3 b5 4. d4 cxd4 5. Nxd4 e6 6. g3 Bb7 7. Bg2 Nf6 8. O-O Qc7 9. Re1 d6 10.
a4 b4 11. Nd5 exd5 12. exd5+ Kd8 13. Bg5 Nd7 14. c3 bxc3 15. Rc1 h6 16. Rxc3 Qb6 17. Nc6+ Bxc6 18. dxc6 hxg5 19. c7+ Kc8 20. Bxa8 Nc5 21. Qd4 Qxb2 22. Qc4 Nfd7 23. Rc2 Qb6 24. Qxf7 Kxc7 25. Re8 Qb1+ 26. Kg2 Qxc2 27. Qd5 Qxa4 28. Qxg5 Nf6 29. Rxf8 Rxf8 30. Qxg7+ Ncd7 31. Bf3 Qb3 32. Qe7 Qxf3+ 33.
Kxf3 Nd5+ 0-1